 Dungeon Crawl Stone Soup version 0.26-a0-291-g3d11bbfad5 (webtiles) character file.

Game seed: 2920753095306875434

60 BritishOli the Skirmisher (level 3, 0/29 HPs)
             Began as a Demonspawn Fighter on July 14, 2020.
             Slain by an ogre
             ... wielding a +0 giant spiked club
              (29 damage)
             ... on level 2 of the Dungeon.
             The game lasted 00:02:29 (1616 turns).

BritishOli the Skirmisher (Demonspawn Fighter)      Turns: 1616, Time: 00:02:30

Health: 0/29       AC:  6    Str: 17    XL:     3   Next: 82%
Magic:  3/3        EV:  7    Int:  9    God:
Gold:   93         SH:  9    Dex: 12    Spells: 2/2 levels left

rFire    . . .     SeeInvis .   a - +0 long sword
rCold    . . .     Faith    .   c - +0 kite shield
rNeg     . . .     Spirit   .   b - +0 scale mail
rPois    .         Reflect  .   (helmet restricted)
rElec    .         Harm     .   (no cloak)
rCorr    .                      (no gloves)
MR       .....                  (no boots)
Stlth    ..........             (no amulet)
HPRegen  0.09/turn              (no ring)
MPRegen  0.08/turn              (no ring)

@: no status effects
A: horns 1
a: no special abilities


You were on level 2 of the Dungeon.
You visited 1 branch of the dungeon, and saw 2 of its levels.

You collected 93 gold pieces.

Inventory:

Hand Weapons
 a - a +0 long sword (weapon)
Armour
 b - a +0 scale mail (worn)
 c - a +0 kite shield (worn)
Scrolls
 e - 3 scrolls of remove curse {unknown}
 f - a scroll of fear {unknown}
 g - a scroll of identify {unknown}
 h - a scroll of amnesia {unknown}
 j - a scroll of blinking {unknown}
Potions
 d - a potion of might
 i - a potion of lignification {unknown}
 k - 2 potions of stabbing {unknown}
 l - a potion of degeneration {unknown}


   Skills:
 + Level 3.4 Fighting
 + Level 2.5 Long Blades
 + Level 3.2 Armour
 + Level 3.1 Shields


You had 2 spell levels left.
You didn't know any spells.
Your spell library was empty.

Dungeon Overview and Level Annotations

Branches:
Dungeon (2/15)

Altars:


Innate Abilities, Weirdness & Mutations

You have a pair of small horns on your head.


Message History

The ogre shouts!
You hear a shout! x2
A hobgoblin comes into view.
A goblin comes into view. It is wielding a +0 club.
You hit the ogre. Your headbutt misses the ogre.
The ogre is lightly wounded.
The ogre closely misses you.
There are monsters nearby!
You slash the ogre! Your headbutt misses the ogre.
The ogre is moderately wounded.
You block the ogre's attack.
There are monsters nearby!
You hit the ogre.
The ogre is heavily wounded.
The ogre hits you but does no damage.
There are monsters nearby!
You slash the ogre!
The ogre is almost dead.
The ogre hits you with a +0 giant spiked club!!
Ouch! That really hurt!
You die...

#.......# #.# #.......#
#.#
###....############<#
#....#............###
##.#....#########(#..
#.#.......<......#.#
#.##...########..#.#
#.###.#########.....
#..@>............#.#
#.O##.####.#####.#.#
^...g ..####†#####.#.#
#.###..<..........##.#.#
#..##.######†.##.#.# #..
#..............# #..
########..###.## #..
#..# #.## #..# #.#.


You could see an ogre and a goblin.

Vanquished Creatures
  2 adders (D:2)
  A dart slug (D:1)
  A leopard gecko (D:2)
  3 giant cockroaches (D:1)
  7 goblins
  5 hobgoblins
  2 quokkas (D:2)
  5 bats
  3 frilled lizards
  4 kobolds
  5 rats
38 creatures vanquished.

Notes
Turn   | Place    | Note
-------+----------+-------------------------------------------
     0 | D:1      | BritishOli the Demonspawn Fighter began the quest for the
                  | Orb.
     0 | D:1      | Reached XP level 1. HP: 18/18 MP: 1/1
    68 | D:1      | Gained mutation: You have a pair of small horns on your
                  | head. [demonic ancestry]
    68 | D:1      | Reached XP level 2. HP: 19/24 MP: 2/2
   970 | D:2      | Reached XP level 3. HP: 29/29 MP: 3/3
  1612 | D:2      | Noticed an ogre
  1616 | D:2      | Slain by an ogre

Illustrated notes

Levels and vault maps discovered:
D:1:      minmay_arrival_semitransparent, layout_basic
D:2:      layout_loops_ring

Skill      XL: |  1  2 |
---------------+-------+-----
Long Blades    | 2 |  2.5
Shields        | 3 |  3.1
Armour         | 3 |  3.2
Fighting       | |  3.4

Action                   || total
-------------------------++-------
Melee: Long sword        ||   107
       Headbutt          ||    11
Armor: Scale mail        ||    44
Dodge: Dodged            ||    36
Block: Kite shield       ||    54
       Rpst.: Long sword ||     9

Table legend:
 A = Non-vault XP
 B = Vault XP
 C = Vault XP percentage of total XP
 D = Non-vault monster count
 E = Vault monster count
 F = Vault count percentage of total count
                 A         B        C        D         E       F
            +---------+---------+-------+---------+---------+-------
      Total |      87 |       0 |   0.0 |      38 |       0 |   0.0
            +---------+---------+-------+---------+---------+-------
        D:1 |      29 |       0 |   0.0 |      17 |       0 |   0.0
        D:2 |      58 |       0 |   0.0 |      21 |       0 |   0.0
            +---------+---------+-------+---------+---------+-------
